 Dungeon Crawl Stone Soup version 0.21.1-1-g345015fe64 (webtiles) character file.

58 Gargoyl the Skirmisher (level 3, 0/31 HPs)
             Began as a Centaur Abyssal Knight on Apr 2, 2018.
             Was a Follower of Lugonu.
             Slain by Terence
             ... wielding a +4 mace of protection
              (2 damage)
             ... on level 2 of the Dungeon.
             The game lasted 00:03:28 (2524 turns).

Gargoyl the Skirmisher (Centaur Abyssal Knight)     Turns: 2524, Time: 00:03:28

Health: 0/31       AC:  8    Str: 13 (14) XL:     3   Next: 76%
Magic:  5/5        EV:  1    Int: 10 (11) God:    Lugonu [*.....]
Gold:   165        SH:  0    Dex:  8 (9)  Spells: 2/2 levels left

rFire    . . .     SeeInvis .   a - +1 hand axe
rCold    . . .     Gourm    .   (no shield)
rNeg     . . .     Faith    .   h - +0 plate armour
rPois    .         Spirit   .   (no helmet)
rElec    .         Reflect  .   (no cloak)
rCorr    .         Harm     .   (no gloves)
MR       .....                  (no barding)
Stlth    ..........             (no amulet)
HPRegen  0.10/turn              (no ring)
MPRegen  0.09/turn              (no ring)

@: very quick
A: large, hooves 3, deformed body, speed 2, tough skin 3
a: Depart the Abyss, Renounce Religion


You were on level 2 of the Dungeon.
You worshipped Lugonu.
Lugonu was aware of your devotion.
You were hungry.

You visited 1 branch of the dungeon, and saw 3 of its levels.
You visited the Abyss 1 time.

You collected 165 gold pieces.

Inventory:

Hand Weapons
 a - a +1 hand axe (weapon)
Armour
 h - a +0 plate armour (worn)
Scrolls
 g - a scroll of teleportation {unknown}
Comestibles
 c - 2 rations


   Skills:
 + Level 3.3 Fighting
 + Level 2.3 Axes
 * Level 2.0 Armour
 + Level 0.8 Dodging
 * Level 2.9 Invocations


You had 2 spell levels left.
You didn't know any spells.

Dungeon Overview and Level Annotations

Branches:
Dungeon (3/15)

Altars:
Ashenzari
Dithmenos
Elyvilon
Uskayaw
Xom

Annotations:
D:2 Terence


Innate Abilities, Weirdness & Mutations

You have hooves in place of feet.
Armour fits poorly on your strangely shaped body.
You cover ground very quickly.
You have extremely tough skin. (AC +3)


Message History

Terence hits you with a mace of protection.
You hit Terence but do no damage.
Terence is severely wounded.
Terence hits you with a mace of protection.
You hit Terence but do no damage.
Terence is severely wounded.
Terence hits you but does no damage.
Your plate armour prevents you from hitting Terence.
Terence is severely wounded.
Terence says, "You're history."
Terence hits you with a mace of protection!
* * * LOW HITPOINT WARNING * * *
You hit Terence but do no damage. You kick Terence.
Terence is almost dead.
Terence hits you with a mace of protection.
* * * LOW HITPOINT WARNING * * *
You barely miss Terence. You kick Terence, but do no damage.
Terence is almost dead.
Terence hits you with a mace of protection.
You die...

.......................#..###.#
....#....#........####.#..# #.#
....+.............#..#.#..# #.#
....######........#..#....# #.#
....###########...#..####.# #.#
...@........# ##..........# #.#
....###.....# #.########## #.#
@...# #.....# ##.####...#####.#
..### #.....# #.@@......#.....#
..# #.....# #..####.###.#####
..# #.....# #..#.....##.# ..#
####.## #..#.##..##.#
..########÷# #....##.....#
.........#.#####.#####.####
...÷.....#...@...........
.........#......#########
.........#......#


You could see Terence.

Vanquished Creatures
  An adder (D:2)
  An ooze (D:2)
  A worm (D:2)
  4 dart slugs
  2 leopard geckos
  6 bats
  2 goblins (D:2)
  7 hobgoblins
  A ball python (D:2)
  2 frilled lizards
  2 kobolds
  4 rats (D:2)
33 creatures vanquished.

Notes
Turn   | Place    | Note
-------+----------+-------------------------------------------
     0 | Abyss:1  | Gargoyl the Centaur Abyssal Knight began the quest for the Orb.
     0 | Abyss:1  | Reached XP level 1. HP: 19/19 MP: 2/2
    16 | Abyss:1  | Noticed a slime creature
    80 | Abyss:2  | Noticed a quasit
    89 | Abyss:2  | Found a corrupted altar of Lugonu.
   126 | Abyss:2  | Noticed a ynoxinul
   129 | D:1      | Escaped the Abyss
   543 | D:1      | Reached * piety under Lugonu
   597 | D:1      | Reached XP level 2. HP: 24/26 MP: 3/3
   775 | D:1      | Found a hazy altar of Hepliaklqana.
   777 | D:1      | Found a hide-covered altar of Uskayaw.
   777 | D:1      | Found a shimmering altar of Xom.
   779 | D:1      | Found a shadowy altar of Dithmenos.
   779 | D:1      | Found a white marble altar of Elyvilon.
   779 | D:1      | Found a stormy altar of Qazlal.
  1197 | D:2      | Found a shimmering altar of Xom.
  1224 | D:2      | Found a shattered altar of Ashenzari.
  1284 | D:2      | Reached XP level 3. HP: 20/31 MP: 5/5
  2235 | D:2      | Noticed Terence
  2524 | D:2      | Slain by Terence

Skill      XL: |  1  2  3 |
---------------+----------+-----
Axes           | 2 |  2.3
Armour         | 2 |  2.0
Fighting       | |  3.3
Dodging        | |  0.8
Invocations    | |  2.9

Action                   || total
-------------------------++-------
Melee: Hand axe          ||   119
       Kick              ||    24
Invok: Depart the Abyss  ||     1
  Use: Potion            ||     4
       Scroll            ||     4
  Eat: Chunk             ||     3
Armor: Chain mail        ||    53
       Plate armour      ||    41
Dodge: Dodged            ||    15
